 Dungeon Crawl Stone Soup version 0.27-a0-343-gfcad680f63 (webtiles) character file.

Game seed: 255679090152772318

464 tilp the Insei (level 7, -1/45 HPs)
             Began as an Octopode Transmuter on Feb 14, 2021.
             Was an Initiate of Nemelex Xobeh.
             Slain by an ice beast (10 damage)
             ... on level 5 of the Dungeon.
             The game lasted 00:08:16 (5741 turns).

tilp the Insei (Octopode Transmuter)                Turns: 5741, Time: 00:08:16

Health: -1/45      AC:  1    Str:  9    XL:     7   Next: 7%
Magic:  9/10       EV: 17    Int: 17    God:    Nemelex Xobeh [......]
Gold:   179        SH:  7    Dex: 13    Spells: 4/10 levels left

rFire    . . .     SeeInvis .     - Unarmed
rCold    . . .     Faith    .   b - +2 buckler
rNeg     . . .     Spirit   .   (helmet currently unavailable)
rPois    .         Reflect  .   (no amulet)
rElec    .         Harm     .   j - +4 ring of evasion
rCorr    .         Rampage  .   (no ring)
Will     .....                  (no ring)
Stlth    +++.......             (no ring)
HPRegen  0.15/turn              (no ring)
MPRegen  0.12/turn              (no ring)
                                (no ring)
                                (no ring)

@: appendages
A: almost no armour, stealthy swim, amphibious, 8 rings, constrict 8, tentacle
spike 3, camouflage 1, gelatinous body 1
a: End Transformation, Renounce Religion, Draw Escape, Draw Destruction, Draw
Summoning


You were on level 5 of the Dungeon.
You worshipped Nemelex Xobeh.
Nemelex Xobeh was noncommittal.
One of your tentacles had a temporary spike.
You visited 1 branch of the dungeon, and saw 5 of its levels.

You collected 179 gold pieces.

Inventory:

Hand Weapons
 a - the +8 shortbow of Fate {freeze, +Inv rF+ rN+ Str-3}
   (You found it on level 4 of the Dungeon)

   It causes projectiles fired from it to freeze those they strike, causing
   extra injury to most foes and up to half again as much damage against
   particularly susceptible opponents.
   They can also slow down cold-blooded creatures.
   It affects your strength (-3).
   It protects you from fire.
   It protects you from negative energy.
   It lets you turn invisible.
Missiles
 g - 11 poisoned darts (quivered)
 u - 81 arrows
Armour
 b - a +2 buckler (worn)
Jewellery
 j - a +4 ring of evasion (left tentacle)
Wands
 q - a wand of mindburst (12)
 v - a wand of polymorph (9)
Scrolls
 d - a scroll of immolation {unknown}
 h - a scroll of teleportation {unknown}
 i - 2 scrolls of random uselessness {unknown}
 k - a scroll of fog
 l - 2 scrolls of amnesia
Potions
 c - 4 potions of ambrosia
 e - 2 potions of heal wounds
 f - a potion of invisibility {unknown}
 m - a potion of degeneration {unknown}
 n - a potion of cancellation {unknown}
 o - a potion of haste {unknown}
 p - a potion of brilliance {unknown}
 r - 4 potions of curing {unknown}
 s - a potion of resistance {unknown}
 t - a potion of lignification {unknown}


   Skills:
 - Level 2.0 Fighting
 - Level 2.0 Dodging
 - Level 4.0 Stealth
 - Level 4.0 Shields
 + Level 5.4 Unarmed Combat
 - Level 2.0 Spellcasting
 - Level 2.0 Transmutations


You had 4 spell levels left.
You knew the following spells:

 Your Spells              Type           Power        Failure   Level
a - Beastly Appendage     Tmut           16%          9%          1
b - Wereblood             Tmut           8%           13%         2
c - Spider Form           Tmut/Pois      2%           36%         3

Your spell library contained the following spells:

 Spells                   Type           Power        Failure   Level
 Ice Form                 Ice/Tmut       5%           77%         4
 Blade Hands              Tmut           4%           93%         5


Dungeon Overview and Level Annotations

Branches:
Dungeon (5/15)
 Temple: D:4-7

Altars:
Cheibriados
Fedhas
Kikubaaqudgha
Nemelex Xobeh
Wu Jian
Zin

Annotations:
D:1 dig vault
D:5 Blork the orc


Innate Abilities, Weirdness & Mutations

You cannot wear most types of armour.
You are very stealthy in the water. (Stealth+)
You are amphibious.
You can wear up to eight rings at the same time.
You can use your tentacles to constrict eight enemies at once.
Your skin changes colour to match your surroundings (Stealth+).
Your rubbery body absorbs attacks. (AC +1, EV +1)
One of your tentacles bears a large vicious spike.


Message History

You block the ice beast's attack.
You tentacle-slap the ice beast.
The ice beast is moderately wounded.
The ice beast closely misses you.
Aiming: Mindburst
Press: ? - help, Shift-Dir - straight line, f/p - ice beast
Aim: an ice beast (moderately wounded, chance to affect: 65%)
The ice beast struggles to resist.
The ice beast hits you.
* * * LOW HITPOINT WARNING * * *
The ice beast freezes you!
* * * LOW HITPOINT WARNING * * *
Unknown command.
You feel much better. You block the ice beast's attack.
Unknown command.
You tentacle-slap the ice beast.
The ice beast is heavily wounded.
The ice beast misses you.
You tentacle-slap the ice beast.
The ice beast is heavily wounded.
The ice beast misses you.
You tentacle-slap the ice beast but do no damage.
You squeeze the ice beast, but do no damage.
The ice beast is heavily wounded.
You barely miss the ice beast.
Your tentacle-slap misses the ice beast.
The ice beast is heavily wounded.
The ice beast misses you.
Casting: Wereblood (safe; 13% risk of failure)
Confirm with . or Enter, or press ? or * to list all spells.
One of your tentacles grows a vicious spike.
The ice beast hits you. The ice beast freezes you!
* * * LOW HITPOINT WARNING * * *
Unknown command.
You barely miss the ice beast.
The ice beast is heavily wounded.
The ice beast hits you.
* * * LOW HITPOINT WARNING * * *
The ice beast freezes you!
You die...
Your body disappears without a glow.

#.# #......#.#
###.#######..##....#
#.........(..#..Y..#.
####.#.######...o........
#.......# #.#.#....o...
#.#.##.#..# #Z#.....(oZo.
#.#.##.#..# #o#####..####
#.........# #Y# ..#
###.##.##.# #@# ..#
#.#..##.# #.# # #.......#
#"# ###..#### #.. #..#
#########. #..#
#......... #..#
#.########
#..########.###########
#..............<.......


You could see an ice beast, an orc and a centaur skeleton.

Vanquished Creatures
  5 hounds
  A jelly (D:5)
  2 iguanas (D:4)
  3 worker ants (D:4)
  4 gnolls (D:2)
  2 adders
  A shadow imp (D:5)
  An ooze (D:2)
  An adder skeleton (D:4)
  3 worms
  A dart slug (D:4)
  2 leopard geckos (D:1)
  8 orcs
  5 giant cockroaches
  4 goblins
  8 hobgoblins
  5 jackals
  3 quokkas
  3 ball pythons (D:3)
  7 bats
  10 frilled lizards
  5 kobolds
  4 rats
88 creatures vanquished.

Vanquished Creatures (others)
  A plant (D:3)
1 creature vanquished.

Grand Total: 89 creatures vanquished

Notes
Turn   | Place    | Note
-------+----------+-------------------------------------------
     0 | D:1      | tilp the Octopode Transmuter began the quest for the Orb.
     0 | D:1      | Reached XP level 1. HP: 13/13 MP: 3/3
   219 | D:1      | Reached skill level 1 in Stealth
   265 | D:1      | Reached skill level 1 in Shields
   265 | D:1      | Reached XP level 2. HP: 18/18 MP: 3/5
   313 | D:1      | Learned a level 2 spell: Wereblood
  1591 | D:2      | Reached XP level 3. HP: 4/23 MP: 2/6
  2504 | D:2      | Reached XP level 4. HP: 28/28 MP: 1/7
  3122 | D:2      | Learned a level 3 spell: Spider Form
  3348 | D:3      | Found an ancient bone altar of Kikubaaqudgha.
  3352 | D:3      | Found a sparkling altar of Nemelex Xobeh.
  3353 | D:3      | Found an ornate altar of the Wu Jian Council.
  3390 | D:3      | Became a worshipper of Nemelex Xobeh the Trickster
  3543 | D:3      | Reached XP level 5. HP: 33/33 MP: 6/8
  3869 | D:4      | Found a glowing silver altar of Zin.
  4182 | D:4      | Found a snail-covered altar of Cheibriados.
  4327 | D:4      | Reached XP level 6. HP: 31/39 MP: 7/9
  4586 | D:4      | Reached skill level 4 in Unarmed Combat
  4787 | D:4      | Found a blossoming altar of Fedhas.
  4804 | D:4      | Got a dazzling shortbow
  5257 | D:4      | Identified the +8 shortbow of Fate {freeze, +Inv rF+ rN+
                  | Str-3} (You found it on level 4 of the Dungeon)
  5570 | D:5      | Entered Level 5 of the Dungeon
  5603 | D:5      | Reached skill level 5 in Unarmed Combat
  5608 | D:5      | Reached XP level 7. HP: 36/45 MP: 10/10
  5688 | D:5      | Noticed Blork the orc
  5741 | D:5      | Slain by an ice beast

Illustrated notes

Levels and vault maps discovered:
D:1:      dpeg_arrival_arbitrary_a, layout_basic, item_on_display_a
D:2:      layout_basic
D:3:      layout_basic, gammafunk_temple_overflow_forgotten, chequers_garden,
          saegor_snake_ambush
D:4:      layout_loops_ring, lemuel_coloured_pillars_altar, lemuel_doored_altar,
          chequers_serial_rivers_small_b, fedhas_altar_1
D:5:      kennysheep_big_flooded_room, layout_loops_ring,
          yredelemnul_forgotten_temple_becter, minmay_temple_entry_grid,
          amcnicky_mini_pool_small, uniq_blork_the_orc

Skill      XL: |  1  2  3  4  5  6 |
---------------+-------------------+-----
Stealth        | 1 2 3 4 |  4.0
Shields        | 1 2 3 4 |  4.0
Fighting       | 2 |  2.0
Unarmed Combat | 5 |  5.4
Dodging        | |  2.0
Spellcasting   | |  2.0
Transmutations | |  2.0

Action                   |  1- 3 |  4- 6 |  7- 9 || total
-------------------------+-------+-------+-------++-------
Melee: Unarmed           |    69 |   159 |    17 ||   245
       Constrict         |    15 |    38 |     1 ||    54
       Tentacles         |    13 |    27 |     2 ||    42
       Kick              |    11 |    37 |       ||    48
       Punch             |       |     2 |     1 ||     3
Throw: Dart              |    20 |    33 |     5 ||    58
 Cast: Beastly Appendage |    14 |    20 |     2 ||    36
       Wereblood         |     5 |     7 |     1 ||    13
Evoke: Wand              |       |       |     1 ||     1
  Use: Scroll            |       |     8 |       ||     8
       Potion            |       |       |     1 ||     1
 Stab: Sleeping          |     3 |    12 |       ||    15
Armor: Skin              |     7 |     7 |     1 ||    15
Dodge: Dodged            |    34 |    96 |     6 ||   136
Block: Buckler           |     9 |    40 |     4 ||    53

Table legend: (Time is in decaauts)
 A = Elapsed time spent in this place.
 B = Non-inter-level travel time spent in this place.
 C = Inter-level travel time spent in this place.
 D = Time resting spent in this place.
 E = Time spent auto-exploring this place.
 F = Levels seen in this place.
 G = Mean time per level.
                   A        B        C        D        E       F      G
               +--------+--------+--------+--------+--------+-----+--------+
         Total |   5734 |   5267 |    467 |   1048 |   3449 |   5 | 1146.8 |
       Dungeon |   5734 |   5267 |    467 |   1048 |   3449 |   5 | 1146.8 |
               +--------+--------+--------+--------+--------+-----+--------+

Top non-repeatable levels by time:
     D:1: 1692 daAuts
     D:2: 1598 daAuts
     D:4: 1538 daAuts
     D:3: 735 daAuts
     D:5: 168 daAuts
